 Dungeon Crawl Stone Soup version 0.19-a0-1875-g4fea3da (webtiles) character file.

3150 Amnesiac the Carver (level 10, -6/61 HPs)
             Began as a Halfling Monk on Oct 13, 2016.
             Was an Initiate of Gozag.
             Mangled by a troll (10 damage)
             ... on level 9 of the Dungeon.
             The game lasted 00:13:49 (7351 turns).

Amnesiac the Carver (Halfling Monk)                 Turns: 7351, Time: 00:13:49

Health: -6/61      AC: 16    Str: 15    XL:     10   Next: 15%
Magic:  19/19      EV: 17    Int:  8    God:    Gozag
Gold:   1018       SH:  7    Dex: 18    Spells: 0 memorised, 9 levels left

rFire  . . .     SeeInvis .     a - +1 falchion
rCold  . . .     Gourm    .     p - +4 scale mail
rNeg   + . .     Faith    .     N - +0 buckler
rPois  .         Spirit   .     r - +0 helmet
rElec  .         Dismiss  .     f - +2 cloak {MR+}
rCorr  .         Reflect  .     o - +1 pair of gloves
MR     +....     Harm     .     (no boots)
Stlth  +.........               (no amulet)
                                u - ring of magical power
                                H - ring of positive energy

@: gold aura
A: mutation resistance 1, MP-powered wands
a: Potion Petition, Call Merchant, Bribe Branch, Renounce Religion


You were on level 9 of the Dungeon.
You worshipped Gozag.
Gozag was most pleased with you.
You were very hungry.

You visited 2 branches of the dungeon, and saw 10 of its levels.

You collected 1018 gold pieces.

Inventory:

Hand Weapons
 a - a +1 falchion (weapon)
Missiles
 b - 4 tomahawks of returning
 h - 4 curare-tipped needles
 j - 3 tomahawks
 m - 42 poisoned needles
 q - 4 tomahawks of dispersal (quivered)
Armour
 f - a +2 cloak of magic resistance (worn)
 o - a +1 pair of gloves (worn)
 p - a +4 scale mail (worn)
 r - a +0 helmet (worn)
 N - a +0 buckler (worn)
Jewellery
 g - an uncursed ring of stealth
 u - a ring of magical power (right hand)
 H - a ring of positive energy (left hand)
Wands
 n - a wand of digging (4/24)
 A - a wand of teleportation (9/9)
 C - a wand of random effects (31/48)
 D - a wand of disintegration (15/24)
 E - a wand of iceblast (7/15)
 F - a wand of polymorph (4/24)
Scrolls
 d - 3 scrolls of amnesia
 k - 5 scrolls of noise
 s - a scroll of teleportation
 w - 6 scrolls of enchant armour
 x - 3 scrolls of remove curse
 z - a scroll of magic mapping
Potions
 e - a potion of cure mutation
 l - 3 potions of brilliance
 t - a potion of agility {unknown}
 v - a potion of might
 G - a potion of curing
Books
 y - a book of Air

   Spells                             Type                      Level
   a - Shock                          Conjuration/Air              1
   b - Swiftness                      Charms/Air                   2
   c - Repel Missiles                 Charms/Air                   2
   d - Static Discharge               Conjuration/Air              3
   e - Lightning Bolt                 Conjuration/Air              5
Comestibles
 c - 5 bread rations
 i - 6 meat rations
 B - 4 fruits
 I - a beef jerky


   Skills:
 - Level 2.6 Fighting
 + Level 10.8 Long Blades
 - Level 7.9 Dodging
 - Level 2.1 Stealth
 - Level 6.0 Shields


You had 9 spell levels left.
You didn't know any spells.

Dungeon Overview and Level Annotations

Branches:
Dungeon (9/15)             Temple (1/1) D:7
   Lair: D:8-11         Orc: D:9-12

Altars:
Ashenzari
Cheibriados
Elyvilon
Fedhas
Gozag
Hepliaklqana
Kikubaaqudgha
Makhleb
Nemelex Xobeh
Okawaru
Qazlal
Ru
Sif Muna
Trog
Uskayaw
Vehumet
Xom
Yredelemnul
Zin
The Shining One

Shops:
D:6 :

Annotations:
D:5 Pikel


Innate Abilities, Weirdness & Mutations

You are small and have problems with some larger weapons.
You are somewhat resistant to further mutation.
You expend magic power (3 MP) to strengthen your wands.


Message History

The troll misses you. The troll claws you!
* * * LOW HITPOINT WARNING * * *
The troll claws you but does no damage.
You hit the troll but do no damage.
The troll is heavily wounded.
The troll barely misses you. You block the troll's attack.
The troll closely misses you.
You hit the troll.
The troll is heavily wounded.
You hit the troll.
The troll is heavily wounded.
The troll bites you!
* * * LOW HITPOINT WARNING * * *
You block the troll's attack. x2
You hit the troll.
The troll is severely wounded.
The troll bites you but does no damage. You block the troll's attack.
The troll claws you!
You die...
Your body crumbles into a pile of gold.

#............................
#...........####..####.......
#........... #..# #..#####
#........... #..# #..#
#........... #..# #..#
#........... #..# #..#
#........... #..# ..#
#...........####T.####.
#............(.@$.......
#.......................
#...........####..####..
#.......... #..# .
#.......... #..# #..........
#..# #..#######. #... #..#
.... #<.#


You could see a troll.

Vanquished Creatures
  2 hippogriffs
  Sigmund (D:4)
  3 sky beasts
  A necrophage (D:9)
  An orc warrior (D:7)
  An ice beast (D:5)
  2 ogres
  The ghost of Amnesiac the Slasher, an amateur HaMo (D:3)
  2 centaurs
  3 bullfrogs
  Dowan (D:4)
  3 scorpions
  5 killer bees (D:9)
  3 howler monkeys (D:7)
  5 crimson imps (D:7)
  An orc priest (D:8)
  2 bullfrog skeletons (D:6)
  4 orc wizards
  5 iguanas
  7 worker ants
  10 adders
  A gnoll (D:7)
  A howler monkey skeleton (D:4)
  A shadow imp (D:7)
  2 oozes
  An adder skeleton (D:9)
  An adder zombie (D:5)
  2 worms (D:2)
  4 dart slugs
  4 leopard geckos
  20 orcs
  7 bats
  8 giant cockroaches
  5 goblins
  2 hobgoblins (D:3)
  3 jackals (D:7)
  4 kobolds
  3 quokkas
  2 ball pythons
  4 frilled lizards
  A leopard gecko skeleton (D:4)
  8 rats
147 creatures vanquished.

Vanquished Creatures (others)
  Duvessa (D:4)
1 creature vanquished.

Grand Total: 148 creatures vanquished

Notes
Turn   | Place    | Note
-------+----------+-------------------------------------------
     0 | D:1      | Amnesiac the Halfling Monk began the quest for the Orb.
     0 | D:1      | Reached XP level 1. HP: 15/15 MP: 1/1
   342 | D:3      | Reached XP level 2. HP: 20/20 MP: 2/2
   454 | D:4      | Reached XP level 3. HP: 25/25 MP: 3/3
   602 | D:4      | Found a burning altar of Makhleb.
   843 | D:4      | Noticed an ogre
   845 | D:4      | Noticed Dowan
   854 | D:4      | Noticed Duvessa
   861 | D:4      | Killed an ogre
   861 | D:4      | Reached skill level 4 in Long Blades
   861 | D:4      | Reached XP level 4. HP: 22/30 MP: 4/4
   861 | D:4      | Reached XP level 5. HP: 26/35 MP: 5/5
   884 | D:4      | Killed Duvessa
   884 | D:4      | Reached skill level 5 in Long Blades
   884 | D:4      | Reached XP level 6. HP: 9/41 MP: 6/6
   890 | D:4      | Killed Dowan
   890 | D:4      | Reached skill level 5 in Dodging
  1281 | D:4      | Noticed Sigmund
  1301 | D:4      | Killed Sigmund
  1301 | D:4      | Reached skill level 6 in Long Blades
  1301 | D:4      | Reached XP level 7. HP: 45/45 MP: 7/7
  1536 | D:5      | Entered Level 5 of the Dungeon
  1913 | D:4      | Reached skill level 7 in Long Blades
  2235 | D:5      | Noticed Pikel
  2433 | D:5      | Reached XP level 8. HP: 36/51 MP: 8/8
  2600 | D:5      | Found a deep blue altar of Sif Muna.
  2602 | D:5      | Found a basalt altar of Yredelemnul.
  2741 | D:6      | Found Baumen's Book Shoppe.
  3026 | D:6      | Reached skill level 8 in Long Blades
  3107 | D:6      | Found a shattered altar of Ashenzari.
  3340 | D:6      | Gained mutation: You are clumsy. (Dex -2) [mutagenic meat]
  3534 | D:6      | You fall through a shaft!
  3871 | D:7      | Found a bloodstained altar of Trog.
  3969 | D:7      | Reached skill level 9 in Long Blades
  4064 | D:7      | Reached XP level 9. HP: 51/55 MP: 9/9
  4112 | D:7      | Found a staircase to the Ecumenical Temple.
  4132 | Temple   | Entered the Ecumenical Temple
  4166 | Temple   | Became a worshipper of Gozag Ym Sagoz the Greedy
  4197 | D:7      | Noticed a hippogriff
  4211 | D:7      | Killed a hippogriff
  4409 | D:2      | Found an iron altar of Okawaru.
  4410 | D:2      | Found a glowing silver altar of Zin.
  4410 | D:2      | Found a bloodstained altar of Trog.
  5161 | D:3      | Noticed Amnesiac's ghost (amateur HaMo)
  5177 | D:3      | Killed Amnesiac's ghost
  5177 | D:3      | Reached skill level 1 in Shields
  5719 | D:3      | You fall through a shaft!
  6111 | D:7      | Identified a scroll of acquirement
  6112 | D:7      | Got a polished quick blade
  6113 | D:7      | Identified the +3 quick blade of Inquiry {pierce, *Corrode rPois rC+ Stlth+} (You acquired it on level 7 of the Dungeon)
  6121 | D:7      | Lost mutation: You are clumsy. (Dex -2) [potion of cure mutation]
  6122 | D:7      | Gained mutation: You expend magic power (3 MP) to strengthen your wands. [potion of mutation]
  6661 | D:8      | Found a shimmering altar of Xom.
  6661 | D:8      | Found a shimmering altar of Xom.
  6712 | D:8      | Reached skill level 5 in Shields
  6766 | D:8      | Noticed a hippogriff
  6790 | D:8      | Killed a hippogriff
  6822 | D:8      | Reached skill level 10 in Long Blades
  6941 | D:8      | Reached XP level 10. HP: 61/61 MP: 10/10
  6974 | D:8      | Found a shimmering altar of Xom.
  6975 | D:8      | Found a shimmering altar of Xom.
  6975 | D:8      | Found a shimmering altar of Xom.
  6985 | D:8      | Found a shimmering altar of Xom.
  7026 | D:8      | Found a shimmering altar of Xom.
  7028 | D:8      | Found a shimmering altar of Xom.
  7351 | D:9      | Mangled by a troll

Vault maps used:
D:1:      saegor_arrival_simple_e, minmay_tetromino_l2
D:2:      gammafunk_temple_overflow_forgotten
D:3:      grunt_ministairs_6
D:4:      lemuel_crystal_altar, first_bread, uniq_duvessa, uniq_sigmund
D:5:      nicolae_overflow_hidden_temple, uniq_pikel
D:6:      nicolae_ashenzari_panopticon, serial_shops, kennysheep_mini_moat
D:7:      basic_altar
D:8:      xom_redecorated
D:9:      nicolae_dithmenos_through_a_glass_darkly, uniq_erolcha
Temple:   minmay_temple_bridge_abc

Skill      XL: |  1  2  3  4  5  6  7  8  9 |
---------------+----------------------------+-----
Long Blades    | 4 5 6 7 9 10 | 10.8
Dodging        | 4 5 6 7 |  7.9
Shields        | 6 |  6.0
Fighting       | |  2.6
Stealth        | |  2.1

Action                   |  1- 3 |  4- 6 |  7- 9 | 10-12 || total
-------------------------+-------+-------+-------+-------++-------
Melee: Falchion          |    38 |    44 |   680 |    92 ||   854
  Use: Scroll            |     6 |       |    11 |       ||    17
       Potion            |       |     1 |     7 |       ||     8
 Stab: Sleeping          |     2 |       |     5 |       ||     7
  Eat: Chunk             |       |     1 |    15 |       ||    16
       Fruit             |       |       |     6 |       ||     6
       Beef jerky        |       |       |     2 |       ||     2
       Royal jelly       |       |       |     1 |       ||     1
Armor: Scale mail        |     5 |    19 |   219 |    26 ||   269
       Robe              |     1 |       |       |       ||     1
Dodge: Dodged            |    27 |    22 |   468 |   119 ||   636
Block: Buckler           |       |       |    48 |    51 ||    99
       Rpst.: Falchion   |     9 |     3 |   147 |    32 ||   191
